Map: Glittering Ashes LE

Players

Pumba - Winner!

  • Race: Protoss Protoss
  • League: Diamond
  • Spawn Location: 7:00

StarkLord

  • Race: Zerg Zerg
  • League: Diamond
  • Spawn Location: 1:00

VOD

Have the link to the VOD?

Description

Time

  • Played on: March 15, 2022, 7:16 p.m.
  • Length: 8:51
Show
View Real Time Build Order
Export as new Build Order

Pumba Protoss - Winner!

Build Orders: 1 Gate Expand, Archon Immortal, Archon Drop, Dark Templar Rush 

Get SALT Encoding   

  12  0:00  Probe  
  13  0:14  Probe  
  13  0:18  Pylon  
  14  0:26  Probe (Chrono Boost)  
  15  0:38  Probe (Chrono Boost)  
  15  0:39  Gateway  
  16  0:47  Probe (Chrono Boost)  
  16  0:48  Assimilator  
  17  0:53  Probe  
  18  1:05  Probe  
  19  1:17  Probe  
  20  1:26  Nexus  
  20  1:34  Cybernetics Core  
  20  1:36  Probe  
  21  1:43  Assimilator  
  21  1:49  Probe  
  21  1:52  Pylon  
  22  2:01  Probe  
  22  2:08  Adept (Chrono Boost)  
  23  2:11  Warp Gate  
  23  2:13  Probe  
  26  2:22  Twilight Council  
  26  2:26  Probe  
  26  2:29  Stalker (Chrono Boost)  
  29  2:38  Probe (Chrono Boost)  
  31  2:44  Probe (Chrono Boost)  
  31  2:48  Probe (Chrono Boost)  
  31  2:50  Robotics Facility  
  33  2:52  Probe (Chrono Boost)  
  33  2:53  Probe (Chrono Boost)  
  34  3:03  Probe  
  34  3:05  Probe  
  36  3:15  Probe  
  36  3:17  Probe  
  38  3:26  Dark Shrine  
  36  3:27  Probe  
  36  3:32  Probe  
  38  3:37  Gateway  
  38  3:38  Gateway  
  38  3:39  Probe  
  38  3:40  Gateway  
  39  3:43  Warp Prism (Chrono Boost)  
  39  3:44  Probe  
  42  3:51  Probe  
  43  3:56  Assimilator  
  43  3:58  Assimilator  
  43  3:59  Probe  
  43  4:01  Pylon  
  44  4:07  Probe  
  45  4:11  Pylon  
  45  4:19  Probe  
  45  4:22  Probe  
  47  4:31  Probe  
  47  4:34  Probe  
  49  4:39  Dark Templar x2  
  49  4:40  Dark Templar x2  
  49  4:44  Probe  
  58  4:46  Probe  
  59  4:53  Nexus  
  59  4:55  Pylon  
  59  4:58  Observer (Chrono Boost)  
  60  5:03  Forge  
  60  5:04  Charge, Robotics Facility  
  60  5:10  Probe x2  
  62  5:23  Probe x2  
  62  5:28  Immortal  
  68  5:33  Protoss Ground Weapons Level 1 (Chrono Boost), Archon x2  
  68  5:37  Probe  
  68  5:38  Probe, Pylon  
  70  5:45  Gateway  
  70  5:46  Gateway  
  70  5:48  Gateway  
  70  5:56  Probe x2  
  72  5:57  Immortal  
  72  6:00  Gateway  
  72  6:03  Pylon  
  76  6:07  Pylon  
  76  6:24  Immortal (Chrono Boost)  
  84  6:42  Shield Battery, Zealot  
  84  6:43  Zealot x2  
  84  6:44  Immortal (Chrono Boost)  
  84  6:45  Shield Battery  
  90  6:47  Shield Battery  
  90  6:56  Zealot x5  
  100  7:16  Observer  
  100  7:18  Robotics Facility  
  101  7:27  Zealot x4  
  109  7:32  Assimilator  
  109  7:37  Templar Archives, Assimilator  
  109  7:39  Pylon  
  109  7:42  Pylon  
  109  7:44  Pylon  
  109  7:46  Pylon  
  109  7:48  Pylon  
  109  7:57  Probe x3  
  113  8:04  Observer (Chrono Boost)  
  113  8:06  Observer x2 (Chrono Boost)  
  113  8:12  Zealot x7  
  126  8:13  Zealot  
  126  8:19  Observer (Chrono Boost)  
Show
View Real Time Build Order
Export as new Build Order

StarkLord Zerg 

Build Orders: 3 Hatch before Pool, Lurkers 

Get SALT Encoding   

  12  0:00  Drone  
  13  0:08  Drone  
  14  0:16  Overlord  
  14  0:35  Drone x3  
  17  0:46  Drone  
  18  0:55  Hatchery  
  17  0:58  Drone  
  18  1:19  Hatchery  
  17  1:30  Spawning Pool  
  16  1:33  Drone  
  16  1:38  Drone  
  18  1:40  Drone  
  18  1:45  Drone  
  20  1:54  Extractor  
  20  1:55  Drone  
  20  1:56  Extractor  
  19  2:06  Drone  
  20  2:08  Drone  
  21  2:17  Drone  
  21  2:19  Drone  
  21  2:21  Queen  
  25  2:24  Spine Crawler  
  25  2:27  Drone  
  25  2:30  Spine Crawler  
  25  2:33  Drone  
  25  2:44  Lair  
  25  2:49  Drone  
  25  2:50  Drone  
  27  2:54  Drone  
  27  2:56  Drone  
  29  3:00  Drone  
  29  3:03  Drone  
  31  3:06  Drone  
  30  3:13  Drone x2  
  31  3:26  Drone x3  
  34  3:27  Overlord  
  34  3:31  Overlord  
  34  3:45  Hydralisk Den  
  33  3:49  Drone x6  
  33  3:52  Drone  
  33  3:54  Drone  
  41  3:56  Drone  
  41  3:58  Drone  
  41  3:59  Drone  
  41  4:02  Drone  
  45  4:07  Drone x2  
  47  4:10  Extractor  
  47  4:11  Extractor  
  47  4:12  Overlord  
  47  4:15  Overlord  
  45  4:19  Grooved Spines  
  45  4:24  Drone  
  45  4:25  Drone x3  
  49  4:40  Hydralisk x2, Lurker Den  
  49  4:44  Hydralisk, Extractor  
  57  4:46  Extractor  
  57  4:50  Overseer  
  51  4:54  Spore Crawler  
  51  4:56  Spore Crawler  
  46  5:08  Hydralisk x2  
  46  5:12  Hydralisk x5  
  58  5:29  Drone x2  
  58  5:31  Overlord x2  
  60  5:47  Overlord x2  
  60  5:48  Overlord  
  60  5:52  Lurker x4  
  60  5:53  Lurker  
  65  5:57  Metabolic Boost  
  65  6:05  Zergling x6  
  65  6:06  Zergling x4  
  65  6:08  Zergling x2  
  71  6:21  Muscular Augments  
  71  6:29  Hydralisk x3  
  71  6:30  Hydralisk  
  79  6:42  Hydralisk x3  
  79  6:44  Overlord x2  
  64  7:17  Lurker x2  
  64  7:18  Lurker x2  
  64  7:19  Drone  
  64  7:20  Drone x5  
  74  7:33  Hatchery  
  73  7:48  Hatchery  
  72  7:51  Lurker  
  72  7:52  Lurker x2  
  72  7:53  Lurker  
  72  7:58  Zergling x16  
  82  8:01  Queen  
  82  8:02  Zergling x2  
  82  8:04  Overseer  
  87  8:14  Lurker  
  65  8:27  Drone x4  
  65  8:28  Drone x2  
  65  8:30  Drone  
Tags
 
Add a new tag
Caveats
  • Supply blocks, unpowered buildings, or Contaminate may cause inaccurate times.
  • Supply counts are checked every 10 seconds.